 Dungeon Crawl Stone Soup version 0.31.0-32-g396128a36d (webtiles) character file.

Game seed: 11725105259957551718

291 Marvel the Ruffian (level 6, -6/52 HPs)
             Began as a Ghoul Monk on Mar 25, 2024.
             Was a Believer of Nemelex Xobeh.
             Mangled by an orc priest
             ... wielding a +0 trident
              (7 damage)
             ... on level 4 of the Dungeon.
             The game lasted 00:03:59 (2437 turns).

Marvel the Ruffian (Ghoul Monk)                     Turns: 2437, Time: 00:03:59

Health: -6/52      AC:  2    Str: 17    XL:     6   Next: 32%
Magic:  6/6        EV: 11    Int:  9    God:    Nemelex Xobeh [**....]
Gold:   122        SH:  9    Dex: 11    Spells: 5/5 levels left

rFire   . .          .
                       - Unarmed
rCold   + . .        m - +2 kite shield {rPois}
rNeg    + + +        a - +0 robe
rPois   ∞            (no helmet)
rElec   .            (no cloak)
rCorr   .            (no gloves)
SInv    .            (no boots)
Will    .....        (no amulet)
Stlth   ++           k - +4 ring of slaying
HPRegen 0.00/turn    (no ring)
MPRegen 0.10/turn

%: no passive effects
@: inhibited regen
A: claws 1, cold resistance 1, negative energy resistance 3, inhibited
regeneration, torment resistance 2, devour on kill
a: Renounce Religion, Draw Escape, Draw Destruction, Draw Summoning


You were on level 4 of the Dungeon.
You worshipped Nemelex Xobeh.
Nemelex Xobeh was pleased with you.
You visited 1 branch of the dungeon, and saw 4 of its levels.

You collected 122 gold pieces.

Inventory:

Armour
 a - a +0 robe (worn)
 c - an orb of light
 m - a +2 kite shield of poison resistance (worn)
Jewellery
 k - a +4 ring of slaying (left claw)
 p - a ring of protection from cold
 r - a ring of ice
Wands
 q - a wand of flame (15)
Scrolls
 h - a scroll of revelation {unknown}
 i - 4 scrolls of teleportation {unknown}
 j - a scroll of fog {unknown}
 l - 4 scrolls of identify {unknown}
 n - 2 scrolls of blinking {unknown}
 s - a scroll of immolation {unknown}
 t - a scroll of poison {unknown}
Potions
 b - a potion of ambrosia
 d - a potion of might {unknown}
 e - a potion of attraction {unknown}
 f - 2 potions of magic {unknown}
 g - a potion of curing {unknown}
 o - a potion of degeneration {unknown}
 u - a potion of experience {unknown}


   Skills:
 + Level 4.1 Fighting
 + Level 3.8 Dodging
 + Level 1.8 Stealth
 + Level 1.5 Shields
 + Level 5.5 Unarmed Combat


You had 5 spell levels left.
You didn't know any spells.
Your spell library contained the following spells:

 Spells                   Type           Power      Damage    Failure   Level
 Necrotise                Necr           0%         1d4       77%         1
 Hailstorm                Conj/Ice       0%         3d5       98%         3
 Summon Ice Beast         Ice/Summ       0%         N/A       98%         3
 Vampiric Draining        Necr           0%         2d6       98%         3
 Martyr's Knell           Necr/Summ      0%         N/A       100%        4
 Curse of Agony           Necr           0%         N/A       100%        5
 Sculpt Simulacrum        Ice/Alch       0%         N/A       100%        6


Dungeon Overview and Level Annotations

Branches:
Dungeon (4/15)
 Temple: D:4-7

Altars:
Nemelex Xobeh


Innate Abilities, Weirdness & Mutations

You are immune to poison.
You have sharp fingernails.
Your flesh is cold resistant. (rC+)
You are immune to negative energy. (rN+++)
You do not regenerate when monsters are visible.
You are immune to unholy pain and torment.
You thrive by killing the living.


Message History

You barely miss something. The orc priest closely misses you.
Something hits you.
The orc priest hits you from afar with a +0 trident.
Something hits you but does no damage.
You miss something.
The orc priest looks encouraged for a moment.
Something hits you.
You draw a card...
You have drawn the Swarm.
The orc priest hits you from afar with a +0 trident!
* * * LOW HITPOINT WARNING * * *
You hear some strange, mumbled words.
A magic dart appears from out of thin air!
The magic dart hits you!
* * * LOW HITPOINT WARNING * * *
The orc priest miscasts a cantrip.
You hear some strange, mumbled words.
Something tries to affect you, but you resist.
You swap places.
Your killer bee stings something.
Something closely misses your killer bee.
You hear some strange, mumbled words.
Your killer bee appears confused.
Your killer bee barely misses you.
You block the orc priest's attack.
Something barely misses your killer bee.
Your killer bee barely misses you.
You swap places.
The orc priest hits you with a +0 trident.
* * * LOW HITPOINT WARNING * * *
You block something's attack.
You claw the orc priest!
The orc priest is heavily wounded.
You block the orc priest's attack. Something hits you.
* * * LOW HITPOINT WARNING * * *
You scratch something.
Your killer bee misses your killer bee.
The orc priest closely misses you. Something hits you.
* * * LOW HITPOINT WARNING * * *
You scratch something but do no damage.
Your killer bee stings your killer bee.
Your killer bee barely misses itself.
The orc priest hits you with a +0 trident!
You die...
Your body glows slightly and disappears.

..8.#
#..#...#.#......†..........
8...#
#....#......###.........>..
..###
#...########)..#...........
........###
#P####.............
........# #P#
###.#####.#.## ........#
#~# #..# #.#... ........#
#.# ##.# ###### ......#.#
######## .#
###...#.#####...@yy# .#
#...#........o##.# #
#...#..#......#### #
#......#<####.##
###....#...# #†)#
~b#...###..# ##o# ####.##
#..# ... .....## ..... .###
###...####...# #.


You could see an orc priest (ally target) and 2 friendly killer bees.

Vanquished Creatures
  2 scorpions (D:4)
  An iguana (D:4)
  Natasha (D:2)
  3 gnolls (D:4)
  2 adders
  2 dart slugs
  A ribbon worm (D:2)
  6 orcs
  7 ball pythons
  8 endoplasms
  2 giant cockroaches
  2 goblins
  9 hobgoblins
  2 quokkas
  8 bats
  3 frilled lizards
  3 kobolds
  3 rats
65 creatures vanquished.

Notes
Turn   | Place    | Note
-------+----------+-------------------------------------------
     0 | D:1      | Marvel the Ghoul Monk began the quest for the Orb.
     0 | D:1      | Reached XP level 1. HP: 19/19 MP: 1/1
   117 | D:1      | Reached XP level 2. HP: 26/26 MP: 2/2
   811 | D:2      | Reached XP level 3. HP: 32/33 MP: 3/3
  1158 | D:2      | Noticed Natasha
  1167 | D:2      | Killed Natasha
  1168 | D:2      | Reached skill level 4 in Unarmed Combat
  1168 | D:2      | Reached XP level 4. HP: 10/40 MP: 4/4
  1717 | D:3      | Found a sparkling altar of Nemelex Xobeh.
  1721 | D:3      | Became a worshipper of Nemelex Xobeh the Trickster
  1721 | D:3      | Reached * piety under Nemelex Xobeh
  1721 | D:3      | Received a gift from Nemelex Xobeh
  1721 | D:3      | Reached ** piety under Nemelex Xobeh
  1806 | D:3      | Reached skill level 1 in Stealth
  2100 | D:4      | Identified the +0 hand axe of Dubrim {freeze, ^Drain rF+
                  | Str+6 Dex+2}
  2102 | D:4      | Reached XP level 5. HP: 35/46 MP: 5/5
  2268 | D:4      | Reached skill level 1 in Shields
  2268 | D:4      | Reached skill level 5 in Unarmed Combat
  2334 | D:4      | Reached XP level 6. HP: 47/52 MP: 6/6
  2435 | D:4      | HP: 2/52 [something (3)]
  2437 | D:4      | Mangled by an orc priest

Illustrated notes

Levels and vault maps discovered:
D:1:      orjb1_clovarrival, layout_loops_ring, grunt_decor_junction,
          grunt_decor_mini_mirrors
D:2:      layout_basic, uniq_natasha
D:3:      layout_rooms, nemelex_dance_club_becter, serial_bayou_pond_b
D:4:      layout_rooms, minmay_temple_entry_nine_rooms, serial_aquarium,
          aquarium_bridge_island_small [aquarium_subvault_small_water,
          aquarium_subvault_bridge, aquarium_subvault_wall,
          aquarium_subvault_bridge, aquarium_subvault_bridge],
          aquarium_bridge_square [aquarium_subvault_bridge,
          aquarium_subvault_window, aquarium_subvault_window,
          aquarium_subvault_window], aquarium_window_3, aquarium_window_fake,
          aquarium_window_fake, aquarium_view_2d, aquarium_balcony_3a,
          aquarium_pool_S, minmay_misc_feat_pillars, minmay_small_thing

Skill      XL: |  1  2  3  4  5 |
---------------+----------------+-----
Dodging        | 3 |  3.8
Unarmed Combat | 4 5 |  5.5
Stealth        | 1 |  1.8
Fighting       | 4 |  4.1
Shields        | 1 |  1.5

Action                     |  1- 3 |  4- 6 || total
---------------------------+-------+-------++-------
  Melee: Unarmed           |    66 |   100 ||   166
 Invoke: Draw Summoning    |       |     2 ||     2
   Stab: Sleeping          |       |     2 ||     2
 Armour: Robe              |    32 |    58 ||    90
  Dodge: Dodged            |    34 |    47 ||    81
  Block: Kite shield       |       |    51 ||    51
